General information
- name: BNet
- type: Ladder team game (AT/RT)
- host: Battle.net
- saver: BEAR_AND
map: Monsoon
- players: 6
- length: 65:04
- speed: Fast
- version: 1.21 W3XP
- replay type:

» download(498 KB)
Players
team 1 (winner)
BEAR_AND (
blue | 151 APM | 9833 actions | 65:03)
7 Archmage
3 Blizzard
3 Brilliance Aura
1 Mass Teleport
6 Mountain King
3 Storm Bolt
2 Bash
1 Avatar
» actions
| Assign group hotkey | 31 | |
| Basic commands | 15 | |
| Build / train | 197 | |
| Enter build submenu | 140 | |
| Enter hero's abilities submenu | 15 | |
| Give item / drop item | 4 | |
| Remove unit from queue | 22 | |
| Right click | 5255 | |
| Select / deselect | 720 | |
| Select group hotkey | 2947 | |
| Use ability | 487 | |
9833 total
» units
| Peasant | 22 | |
| Priest | 2 | |
| Dragonhawk Rider | -1 | |
| Sorceress | 1 | |
| Gryphon Rider | 3 | |
27 total
» upgrades
| Masonry | 3 | |
| Lumber Harvesting | 2 | |
| Magic Sentry | 1 | |
| Armor | 3 | |
| Swords | 3 | |
| Cloud | 1 | |
| Animal War Training | 1 | |
| Sorceress Training | 1 | |
| Storm Hammers | 1 | |
| Priest Training | 2 | |
18 total
» buildings
| Altar of Kings | 1 | |
| Lumber Mill | 1 | |
| Farm | 11 | |
| Scout Tower | 176 | |
| Arcane Tower | 16 | |
| Guard Tower | 75 | |
| Arcane Vault | 2 | |
| Keep | 2 | |
| Town Hall | 3 | |
| Arcane Sanctum | 1 | |
| Gryphon Aviary | 6 | |
| Castle | 1 | |
| Blacksmith | 1 | |
| Barracks | 1 | |
| Workshop | 1 | |
| Cannon Tower | 6 | |
304 total
» build order
00:33 Altar of Kings
00:41 Lumber Mill
00:47 Farm
00:55 Scout Tower
00:59 Scout Tower
01:09 Scout Tower
01:22 Arcane Tower
01:42 Scout Tower
01:54 Guard Tower
02:00 Arcane Tower
02:01 Arcane Tower
02:01 Arcane Tower
02:10 Scout Tower
02:15 Farm
02:23 Scout Tower
02:25 Scout Tower
02:27 Guard Tower
02:28 Scout Tower
02:31 Scout Tower
02:37 Scout Tower
02:38 Guard Tower
02:44 Scout Tower
02:46 Scout Tower
03:00 Guard Tower
03:00 Guard Tower
03:11 Arcane Vault
03:30 Scout Tower
03:34 Scout Tower
03:51 Guard Tower
03:54 Guard Tower
04:02 Guard Tower
04:03 Arcane Tower
04:04 Arcane Tower
04:07 Scout Tower
04:14 Scout Tower
04:15 Scout Tower
04:37 Guard Tower
05:18 Keep
05:31 Arcane Tower
05:31 Guard Tower
05:51 Scout Tower
05:52 Scout Tower
05:53 Guard Tower
06:05 Farm
06:42 Town Hall
07:07 Guard Tower
07:12 Scout Tower
07:20 Scout Tower
07:21 Scout Tower
07:56 Arcane Sanctum
07:58 Guard Tower
08:00 Guard Tower
08:04 Scout Tower
08:05 Scout Tower
08:55 Scout Tower
08:55 Scout Tower
08:55 Scout Tower
09:06 Guard Tower
09:11 Guard Tower
09:16 Scout Tower
09:17 Scout Tower
09:39 Guard Tower
09:42 Guard Tower
09:46 Guard Tower
09:59 Scout Tower
10:00 Scout Tower
10:05 Guard Tower
10:14 Scout Tower
10:16 Scout Tower
10:21 Scout Tower
10:49 Guard Tower
11:24 Scout Tower
11:26 Scout Tower
11:34 Arcane Tower
11:34 Guard Tower
11:44 Scout Tower
11:45 Scout Tower
11:47 Scout Tower
12:00 Gryphon Aviary
12:15 Arcane Tower
12:38 Arcane Tower
12:39 Guard Tower
12:44 Castle
12:51 Guard Tower
12:57 Scout Tower
12:58 Scout Tower
12:59 Scout Tower
12:59 Scout Tower
13:17 Guard Tower
13:59 Arcane Vault
14:03 Blacksmith
14:04 Barracks
14:06 Farm
14:07 Farm
14:10 Scout Tower
14:11 Scout Tower
14:13 Scout Tower
14:15 Scout Tower
14:38 Guard Tower
14:43 Town Hall
14:44 Guard Tower
14:47 Scout Tower
14:48 Scout Tower
14:50 Scout Tower
14:51 Scout Tower
14:52 Scout Tower
14:53 Scout Tower
14:54 Guard Tower
15:00 Guard Tower
15:02 Scout Tower
15:03 Scout Tower
15:17 Guard Tower
15:22 Guard Tower
15:27 Scout Tower
15:29 Scout Tower
15:32 Scout Tower
15:56 Guard Tower
16:13 Scout Tower
16:14 Scout Tower
16:27 Scout Tower
16:28 Scout Tower
16:41 Guard Tower
16:48 Guard Tower
17:11 Guard Tower
17:19 Scout Tower
17:19 Scout Tower
17:23 Guard Tower
17:28 Scout Tower
17:29 Scout Tower
18:48 Guard Tower
18:54 Arcane Tower
20:08 Scout Tower
20:09 Scout Tower
20:09 Scout Tower
20:10 Scout Tower
20:10 Scout Tower
20:52 Guard Tower
21:01 Farm
21:02 Farm
21:02 Farm
21:03 Farm
21:49 Guard Tower
22:32 Scout Tower
22:33 Scout Tower
23:10 Scout Tower
23:10 Scout Tower
23:14 Guard Tower
23:15 Scout Tower
23:16 Scout Tower
23:16 Scout Tower
23:44 Guard Tower
24:05 Scout Tower
24:07 Scout Tower
24:07 Scout Tower
24:09 Guard Tower
24:20 Scout Tower
24:21 Scout Tower
24:22 Scout Tower
24:22 Scout Tower
24:23 Scout Tower
24:52 Guard Tower
25:07 Guard Tower
25:09 Scout Tower
25:10 Scout Tower
25:11 Scout Tower
25:12 Scout Tower
25:13 Scout Tower
25:15 Scout Tower
25:16 Scout Tower
25:16 Scout Tower
25:47 Guard Tower
27:08 Guard Tower
27:12 Scout Tower
27:13 Scout Tower
27:14 Scout Tower
27:19 Guard Tower
27:59 Guard Tower
29:16 Guard Tower
29:50 Scout Tower
29:51 Scout Tower
29:51 Scout Tower
29:52 Scout Tower
30:10 Guard Tower
31:02 Scout Tower
31:02 Scout Tower
31:03 Scout Tower
31:05 Guard Tower
31:39 Scout Tower
31:39 Scout Tower
31:40 Scout Tower
31:46 Scout Tower
31:47 Scout Tower
31:48 Scout Tower
32:03 Scout Tower
32:04 Scout Tower
32:07 Scout Tower
32:08 Guard Tower
33:00 Scout Tower
33:01 Scout Tower
33:39 Guard Tower
33:41 Scout Tower
33:42 Scout Tower
33:43 Scout Tower
33:49 Guard Tower
33:51 Scout Tower
33:53 Scout Tower
33:53 Scout Tower
33:54 Scout Tower
33:56 Scout Tower
33:57 Scout Tower
33:58 Scout Tower
34:32 Guard Tower
35:09 Guard Tower
35:13 Guard Tower
35:15 Scout Tower
35:15 Scout Tower
35:30 Gryphon Aviary
35:31 Gryphon Aviary
35:32 Gryphon Aviary
35:47 Guard Tower
35:48 Scout Tower
35:48 Scout Tower
35:49 Scout Tower
35:57 Gryphon Aviary
36:10 Farm
36:13 Farm
36:26 Gryphon Aviary
37:27 Guard Tower
37:51 Guard Tower
38:13 Scout Tower
38:14 Scout Tower
38:15 Scout Tower
38:16 Scout Tower
38:17 Scout Tower
38:17 Scout Tower
38:18 Scout Tower
38:19 Scout Tower
43:11 Guard Tower
43:29 Scout Tower
43:30 Scout Tower
43:31 Scout Tower
43:32 Scout Tower
43:33 Scout Tower
43:33 Scout Tower
44:19 Arcane Tower
44:50 Arcane Tower
44:51 Arcane Tower
45:22 Scout Tower
45:22 Scout Tower
45:24 Arcane Tower
46:23 Arcane Tower
46:35 Guard Tower
46:38 Scout Tower
46:40 Scout Tower
46:41 Scout Tower
46:41 Scout Tower
46:42 Scout Tower
46:42 Scout Tower
54:00 Town Hall
54:01 Scout Tower
54:02 Scout Tower
54:03 Scout Tower
54:04 Scout Tower
54:05 Scout Tower
54:05 Scout Tower
54:06 Scout Tower
54:07 Scout Tower
54:08 Scout Tower
54:08 Scout Tower
54:09 Scout Tower
54:09 Scout Tower
54:10 Scout Tower
54:11 Scout Tower
54:11 Scout Tower
54:11 Scout Tower
54:12 Scout Tower
54:13 Scout Tower
54:13 Scout Tower
54:42 Guard Tower
54:43 Guard Tower
54:44 Guard Tower
54:50 Guard Tower
55:07 Guard Tower
55:12 Guard Tower
55:17 Workshop
55:18 Guard Tower
56:39 Scout Tower
56:40 Scout Tower
56:41 Scout Tower
56:42 Scout Tower
57:06 Guard Tower
57:07 Guard Tower
57:08 Guard Tower
57:08 Guard Tower
57:10 Cannon Tower
57:11 Cannon Tower
57:44 Cannon Tower
58:25 Cannon Tower
58:30 Cannon Tower
63:20 Keep
» items
| Boots of Speed | 2 | |
| Staff of Teleportation | 2 | |
| Healing Salve | 1 | |
| Staff of Sanctuary | 2 | |
| Scroll of Town Portal | 5 | |
| Orb of Lightning | 1 | |
| Lesser Clarity Potion | 1 | |
14 total
iggy_the_fisk (
red | 84 APM | 5471 actions | 65:03)
5 Warden
3 Shadow Strike
2 Blink
4 Keeper of the Grove
2 Entangling Roots
2 Thorns Aura
» actions
| Assign group hotkey | 200 | |
| Basic commands | 2 | |
| Build / train | 87 | |
| Enter build submenu | 35 | |
| Enter hero's abilities submenu | 9 | |
| Give item / drop item | 14 | |
| Remove unit from queue | 1 | |
| Right click | 3362 | |
| Select / deselect | 468 | |
| Select group hotkey | 771 | |
| Use ability | 522 | |
5471 total
» units
» buildings
| Altar of Elders | 6 | |
| Moon Well | 11 | |
| Tree of Ages | 1 | |
| Tree of Life | 12 | |
| Tree of Eternity | 1 | |
| Ancient of Wonders | 2 | |
| Hunter's Hall | 2 | |
35 total
» build order
00:07 Altar of Elders
00:18 Moon Well
04:44 Tree of Ages
06:29 Moon Well
06:37 Moon Well
08:43 Tree of Life
10:43 Tree of Eternity
13:02 Tree of Life
18:44 Ancient of Wonders
18:48 Ancient of Wonders
21:05 Hunter's Hall
23:22 Tree of Life
23:23 Altar of Elders
25:16 Moon Well
27:09 Altar of Elders
28:00 Tree of Life
28:04 Tree of Life
28:51 Moon Well
28:52 Moon Well
30:04 Altar of Elders
35:41 Hunter's Hall
35:44 Tree of Life
35:45 Moon Well
35:48 Altar of Elders
35:49 Moon Well
38:12 Tree of Life
42:52 Tree of Life
50:44 Tree of Life
57:56 Altar of Elders
57:58 Moon Well
57:58 Moon Well
57:59 Moon Well
64:31 Tree of Life
64:43 Tree of Life
64:59 Tree of Life
» items
| Boots of Speed | 3 | |
| Staff of Teleportation | 2 | |
| Healing Salve | 6 | |
| Orb of Lightning | 2 | |
| Scroll of Town Portal | 6 | |
| Staff of Preservation | 1 | |
| Lesser Clarity Potion | 7 | |
| Potion of Mana | 1 | |
| Scroll of Regeneration | 4 | |
| Staff of Sanctuary | 1 | |
33 total
TIMG4STRok (
yellow | 94 APM | 6087 actions | 65:03)
7 Blademaster
3 Wind Walk
3 Critical Strike
1 Bladestorm
» actions
| Assign group hotkey | 25 | |
| Basic commands | 110 | |
| Build / train | 98 | |
| ESC pressed | 4 | |
| Enter build submenu | 79 | |
| Enter hero's abilities submenu | 7 | |
| Give item / drop item | 4 | |
| Right click | 3671 | |
| Select / deselect | 384 | |
| Select group hotkey | 1288 | |
| Use ability | 417 | |
6087 total
» units
| Peon | 18 | |
| Troll Batrider | 29 | |
| Wind Rider | 7 | |
54 total
» upgrades
| Spiked Barricades | 2 | |
| Ranged Weapons | 3 | |
| Reinforced Defenses | 1 | |
| Liquid Fire | 1 | |
| Armor | 3 | |
| Envenomed Spears | 1 | |
11 total
» buildings
| Altar of Storms | 1 | |
| Orc Burrow | 6 | |
| War Mill | 2 | |
| Watch Tower | 74 | |
| Voodoo Lounge | 3 | |
| Stronghold | 2 | |
| Fortress | 1 | |
| Beastiary | 2 | |
| Great Hall | 1 | |
92 total
» build order
00:08 Altar of Storms
00:16 Orc Burrow
00:19 War Mill
00:37 War Mill
01:51 Watch Tower
01:52 Watch Tower
02:19 Voodoo Lounge
02:26 Orc Burrow
03:29 Watch Tower
03:31 Watch Tower
03:34 Watch Tower
04:22 Stronghold
04:22 Stronghold
04:39 Watch Tower
04:41 Watch Tower
04:44 Watch Tower
05:21 Watch Tower
05:24 Watch Tower
06:00 Watch Tower
06:06 Watch Tower
06:12 Watch Tower
07:19 Watch Tower
07:20 Watch Tower
07:27 Watch Tower
07:51 Fortress
08:02 Beastiary
08:14 Beastiary
08:51 Watch Tower
09:07 Orc Burrow
09:24 Watch Tower
09:49 Orc Burrow
09:59 Watch Tower
11:00 Great Hall
11:04 Watch Tower
11:07 Watch Tower
11:08 Watch Tower
11:10 Watch Tower
12:12 Watch Tower
13:17 Watch Tower
14:22 Watch Tower
15:56 Watch Tower
15:56 Watch Tower
15:58 Watch Tower
17:49 Watch Tower
17:49 Watch Tower
17:49 Watch Tower
21:09 Watch Tower
21:10 Watch Tower
22:14 Watch Tower
22:14 Watch Tower
22:15 Watch Tower
22:15 Watch Tower
24:15 Watch Tower
24:15 Watch Tower
25:40 Voodoo Lounge
25:41 Voodoo Lounge
26:44 Watch Tower
27:36 Watch Tower
30:36 Watch Tower
31:44 Watch Tower
31:57 Watch Tower
33:12 Watch Tower
35:32 Orc Burrow
35:32 Orc Burrow
41:34 Watch Tower
41:35 Watch Tower
41:35 Watch Tower
41:36 Watch Tower
41:39 Watch Tower
41:40 Watch Tower
41:41 Watch Tower
41:42 Watch Tower
41:43 Watch Tower
41:49 Watch Tower
41:50 Watch Tower
41:52 Watch Tower
41:53 Watch Tower
41:58 Watch Tower
41:58 Watch Tower
41:59 Watch Tower
42:01 Watch Tower
42:01 Watch Tower
42:02 Watch Tower
42:02 Watch Tower
42:03 Watch Tower
42:04 Watch Tower
42:04 Watch Tower
44:35 Watch Tower
44:35 Watch Tower
46:41 Watch Tower
46:43 Watch Tower
55:21 Watch Tower
» items
| Staff of Teleportation | 1 | |
| Boots of Speed | 1 | |
| Healing Salve | 2 | |
| Lesser Clarity Potion | 7 | |
| Orb of Lightning | 1 | |
| Potion of Mana | 1 | |
| Potion of Healing | 2 | |
| Scroll of Town Portal | 1 | |
| Scroll of Regeneration | 1 | |
17 total
team 2 (loser)
Relentless (
green | 57 APM | 3534 actions | 61:57)
7 Archmage
3 Summon Water Elemental
3 Brilliance Aura
1 Mass Teleport
» actions
| Assign group hotkey | 41 | |
| Basic commands | 152 | |
| Build / train | 118 | |
| Enter build submenu | 46 | |
| Enter hero's abilities submenu | 7 | |
| Give item / drop item | 1 | |
| Remove unit from queue | 2 | |
| Right click | 2051 | |
| Select / deselect | 690 | |
| Select group hotkey | 297 | |
| Use ability | 129 | |
3534 total
» units
| Peasant | 27 | |
| Footman | 8 | |
| Mortar Team | 28 | |
| Ogre Magi | 2 | |
| Rifleman | 1 | |
| Siege Engine | 9 | |
75 total
» upgrades
| Lumber Harvesting | 1 | |
| Flare | 1 | |
| Masonry | 1 | |
| Fragmentation Shards | 1 | |
| Barrage | 1 | |
| Gunpowder | 3 | |
| Plating | 3 | |
11 total
» buildings
| Barracks | 1 | |
| Altar of Kings | 1 | |
| Farm | 14 | |
| Keep | 1 | |
| Lumber Mill | 2 | |
| Arcane Vault | 1 | |
| Blacksmith | 2 | |
| Scout Tower | 23 | |
| Guard Tower | 13 | |
| Workshop | 2 | |
| Castle | 1 | |
| Town Hall | 2 | |
63 total
» build order
00:17 Barracks
00:22 Altar of Kings
00:28 Farm
00:44 Farm
01:44 Farm
02:40 Farm
03:25 Keep
03:36 Lumber Mill
03:43 Arcane Vault
04:32 Blacksmith
05:01 Blacksmith
05:07 Scout Tower
05:09 Scout Tower
05:10 Scout Tower
05:12 Scout Tower
05:30 Farm
06:23 Guard Tower
06:34 Workshop
06:49 Workshop
06:57 Guard Tower
07:17 Farm
07:52 Scout Tower
07:55 Scout Tower
08:46 Farm
08:53 Guard Tower
08:55 Scout Tower
09:29 Guard Tower
09:33 Scout Tower
09:35 Scout Tower
10:14 Guard Tower
10:17 Scout Tower
10:25 Scout Tower
10:26 Scout Tower
10:37 Lumber Mill
10:57 Guard Tower
11:17 Guard Tower
11:22 Guard Tower
11:25 Scout Tower
12:11 Guard Tower
12:14 Scout Tower
12:16 Scout Tower
12:19 Scout Tower
12:20 Scout Tower
12:30 Castle
12:46 Guard Tower
13:14 Town Hall
17:09 Scout Tower
17:13 Scout Tower
17:13 Scout Tower
18:43 Guard Tower
19:00 Guard Tower
19:03 Guard Tower
19:32 Farm
19:35 Farm
27:28 Farm
27:31 Farm
27:38 Farm
27:39 Farm
27:41 Farm
38:11 Town Hall
57:09 Scout Tower
57:10 Scout Tower
57:12 Scout Tower
» items
| Scroll of Regeneration | 1 | |
| Orb of Lightning | 1 | |
| Scroll of Town Portal | 2 | |
| Potion of Lesser Invulnerability | 1 | |
| Potion of Healing | 1 | |
6 total
REsorts (
purple | 91 APM | 5906 actions | 65:03)
8 Death Knight
3 Death Coil
3 Unholy Aura
1 Animate Dead
1 Death Pact
6 Lich
3 Frost Nova
2 Frost Armor
1 Death and Decay
» actions
| Assign group hotkey | 27 | |
| Basic commands | 29 | |
| Build / train | 73 | |
| Enter build submenu | 26 | |
| Enter hero's abilities submenu | 14 | |
| Give item / drop item | 3 | |
| Remove unit from queue | 1 | |
| Right click | 3260 | |
| Select / deselect | 649 | |
| Select group hotkey | 1554 | |
| Use ability | 270 | |
5906 total
» units
| Acolyte | 5 | |
| Ghoul | 3 | |
| Crypt Fiend | 8 | |
| Frost Wyrm | 12 | |
28 total
» upgrades
| Creature Attack | 3 | |
| Creature Carapace | 3 | |
| Web | 1 | |
| Burrow | 1 | |
| Freezing Breath | 1 | |
9 total
» buildings
| Crypt | 1 | |
| Graveyard | 1 | |
| Ziggurat | 10 | |
| Altar of Darkness | 1 | |
| Tomb of Relics | 1 | |
| Halls of the Dead | 2 | |
| Black Citadel | 2 | |
| Sacrificial Pit | 1 | |
| Boneyard | 2 | |
| Spirit Tower | 7 | |
| Necropolis | 1 | |
29 total
» build order
00:14 Crypt
00:22 Graveyard
00:43 Ziggurat
01:01 Altar of Darkness
01:30 Tomb of Relics
02:33 Ziggurat
03:52 Halls of the Dead
06:33 Black Citadel
08:09 Sacrificial Pit
08:13 Ziggurat
08:21 Ziggurat
09:45 Boneyard
10:49 Boneyard
12:01 Ziggurat
12:54 Ziggurat
14:13 Ziggurat
14:19 Spirit Tower
15:27 Spirit Tower
15:31 Ziggurat
16:17 Spirit Tower
16:42 Spirit Tower
17:08 Necropolis
17:34 Ziggurat
18:15 Ziggurat
18:52 Spirit Tower
21:08 Halls of the Dead
24:08 Spirit Tower
24:10 Spirit Tower
24:52 Black Citadel
» items
| Rod of Necromancy | 1 | |
| Scroll of Protection | 1 | |
| Scroll of Regeneration | 1 | |
| Lesser Clarity Potion | 1 | |
| Orb of Corruption | 1 | |
| Healing Salve | 1 | |
| Scroll of Town Portal | 2 | |
8 total
Sw[a]Y (
orange | 51 APM | 3312 actions | 65:03)
5 Blademaster
3 Wind Walk
2 Critical Strike
5 Shadow Hunter
2 Hex
3 Healing Wave
» actions
| Basic commands | 38 | |
| Build / train | 86 | |
| Enter build submenu | 80 | |
| Enter hero's abilities submenu | 10 | |
| Give item / drop item | 6 | |
| Remove unit from queue | 1 | |
| Right click | 1605 | |
| Select / deselect | 1125 | |
| Use ability | 361 | |
3312 total
» units
| Peon | 23 | |
| Grunt | 2 | |
| Troll Witch Doctor | 7 | |
| Shaman | 4 | |
| Troll Batrider | 17 | |
| Demolisher | 1 | |
54 total
» upgrades
| Witch Doctor Training | 2 | |
| Liquid Fire | 1 | |
| Shaman Training | 2 | |
| Burning Oil | 1 | |
| Ranged Weapons | 1 | |
| Armor | 1 | |
8 total
» buildings
| Altar of Storms | 1 | |
| Orc Burrow | 8 | |
| Barracks | 4 | |
| Voodoo Lounge | 4 | |
| War Mill | 3 | |
| Stronghold | 1 | |
| Watch Tower | 41 | |
| Spirit Lodge | 2 | |
| Great Hall | 2 | |
| Fortress | 1 | |
| Beastiary | 4 | |
| Farm | 2 | |
| Town Hall | 1 | |
74 total
» build order
00:11 Altar of Storms
00:19 Orc Burrow
00:43 Barracks
01:32 Orc Burrow
01:43 Voodoo Lounge
02:24 War Mill
03:52 Stronghold
04:20 Watch Tower
04:31 Watch Tower
05:38 Watch Tower
06:56 Spirit Lodge
07:01 Watch Tower
07:03 Watch Tower
07:04 Watch Tower
07:42 Orc Burrow
08:08 Voodoo Lounge
08:10 Watch Tower
08:17 Orc Burrow
09:39 Watch Tower
09:53 Great Hall
10:39 Watch Tower
10:40 Orc Burrow
10:48 Watch Tower
11:40 Watch Tower
11:42 Watch Tower
11:46 Watch Tower
11:48 Watch Tower
12:16 Fortress
14:16 Spirit Lodge
14:52 Beastiary
14:54 Beastiary
16:03 Beastiary
17:14 Orc Burrow
17:18 Orc Burrow
17:19 Orc Burrow
19:56 Voodoo Lounge
21:06 Watch Tower
21:06 Watch Tower
21:07 Watch Tower
21:10 Watch Tower
21:30 Watch Tower
22:23 Watch Tower
22:26 Watch Tower
22:27 Watch Tower
23:33 Watch Tower
23:44 War Mill
24:13 Watch Tower
24:14 Watch Tower
25:38 Barracks
25:40 Barracks
25:42 Barracks
27:44 Watch Tower
27:45 Watch Tower
29:09 Watch Tower
29:12 Watch Tower
35:17 War Mill
35:52 Watch Tower
35:57 Watch Tower
35:59 Watch Tower
39:01 Watch Tower
40:39 Beastiary
45:16 Voodoo Lounge
47:13 Watch Tower
47:14 Watch Tower
47:14 Watch Tower
47:18 Great Hall
47:19 Watch Tower
48:48 Watch Tower
48:58 Watch Tower
53:31 Watch Tower
53:31 Watch Tower
63:49 Farm
64:00 Farm
64:15 Town Hall
» items
| Lesser Clarity Potion | 2 | |
| Scroll of Speed | 1 | |
| Healing Salve | 2 | |
| Boots of Speed | 2 | |
| Staff of Teleportation | 1 | |
| Orb of Lightning | 1 | |
| Potion of Lesser Invulnerability | 1 | |
10 total
Chat log
(00:05 / All) iggy_the_fisk: hek
(01:08 / All) TIMG4STRok: u guys good,?
(01:18 / All) Sw[a]Y: semi pro
(01:19 / All) Sw[a]Y: u?
(01:23 / All) TIMG4STRok: good movie.
(01:24 / All) iggy_the_fisk: how much money you make
(01:30 / All) iggy_the_fisk: a n hr
(01:39 / All) Sw[a]Y: $0
(03:47 / All) BEAR_AND: lmao
(03:54 / All) Sw[a]Y: yea towers got kill
(03:55 / All) Sw[a]Y: funny :P
(04:03 / All) TIMG4STRok: funniest? U dieDXD!
(05:52 / All) TIMG4STRok: LOL THIS AINT DOTA KID
(05:59 / All) Relentless: lol
(13:44 / All) BEAR_AND: morters
(13:54 / All) BEAR_AND: sotp lag
(13:57 / All) TIMG4STRok: your lag, is relentless
(14:04 / All) Relentless: it is
(14:11 / All) Relentless: sicne when
(14:16 / All) BEAR_AND: "sicne" your birth
(14:27 / All) REsorts: drop hack?
(15:29 / All) Sw[a]Y: apuse
(15:30 / All) TIMG4STRok: stop the game
(15:36 / All) iggy_the_fisk: STOP THE GAME
(15:47 / All) iggy_the_fisk: STOP. THe. Game
(16:16 / All) TIMG4STRok: stop the game NOW
(22:58 / All) Sw[a]Y: gg
(47:29 / All) Sw[a]Y: mh ftw
(53:48 / All) TIMG4STRok: damn,
(53:51 / All) BEAR_AND: u guys
(53:52 / All) BEAR_AND: gl hf
(53:53 / All) BEAR_AND: ok?
(54:04 / All) Relentless: why wu du do this?
(54:07 / All) Relentless: my ass is killing m
(54:10 / All) Relentless: me*
(54:11 / All) Relentless: my eyes hurt
(54:14 / All) TIMG4STRok: why would you lose a game?? so terrible
(54:17 / All) Relentless: my fingers r going num
(54:19 / All) iggy_the_fisk: you out of shape son?
(54:19 / All) Relentless: numb*
(54:28 / All) Relentless: sry i don game a lot
(54:30 / All) TIMG4STRok: numb from what? atrophy because you have shitty micro and dont use them???
(54:31 / All) iggy_the_fisk: funny to see you playing this little game every time i get back from the gym
(54:41 / All) iggy_the_fisk: maybe you should try it sometime
(54:46 / All) iggy_the_fisk: how you gonna get tired playing a game
(54:47 / All) Relentless: this has nothign to do with gym lmao
(54:47 / All) iggy_the_fisk: you fat?
(57:07 / All) TIMG4STRok: keep working on thnose towers you got this game
(57:14 / All) iggy_the_fisk: if blue base falls...
(57:23 / All) BEAR_AND: leave
(57:27 / All) BEAR_AND: hey prup
(57:29 / All) BEAR_AND: thanks for the fucking
(57:30 / All) BEAR_AND: expo
(57:33 / All) BEAR_AND: thats telekinesis kyle
(61:59 / All) BEAR_AND: BYE
(62:15 / All) TIMG4STRok: gg leave
(62:15 / All) iggy_the_fisk: maybe work out alittle
(62:19 / All) iggy_the_fisk: dont be such fat sacks of shit
(62:21 / All) iggy_the_fisk: maybe you can play a game
(62:26 / All) iggy_the_fisk: and not get tired
(62:30 / All) BEAR_AND: clan towa wins again, thanks for playing/watching to all our fans and enemies...... http://highper.ch
(64:24 / All) TIMG4STRok: gg
(64:24 / All) BEAR_AND: look at bottom left farm
(64:25 / All) TIMG4STRok: kleave
(64:30 / All) BEAR_AND: bye
(64:32 / All) TIMG4STRok: PSYCHE I KILL RIGHT ONE NOW
(64:40 / All) BEAR_AND: owned....shitnoobs
(64:40 / All) TIMG4STRok: mh enjjoy
(64:54 / All) TIMG4STRok: u like my hack,. download it at www.highper.ch